 Dungeon Crawl Stone Soup version 0.8.0-1-g574be46 character file.

9459 ventricule the Basher (level 11, 0/78 (82) HPs)
             Began as a Mummy Wanderer on May 25, 2011.
             Was an Elder of Nemelex Xobeh.
             Slain by a killer bee (1 damage)
             ... on Level 1 of the Hive.
             The game lasted 01:18:18 (15713 turns).

ventricule the Basher (Mummy Wanderer)             Turns: 15713, Time: 01:18:19

HP   0/78 (82)   AC 14     Str 18 Exp: 11/12744 (1), need: 8885
MP  13/13        EV  8     Int 12      God: Nemelex Xobeh [****..]
Gold 539         SH 22     Dex 10      Spells:  0 memorised, 12 levels left

Res.Fire  : x . .   See Invis. : .   a - +3,+4 mace (crush)
Res.Cold  : + . .   Warding    : . . O - +1 orc ring mail {rPois}
Life Prot.: + + +   Conserve   : .   i - +3 dwarf shield
Res.Acid. : . . .   Res.Corr.  : .   p - +0 helmet
Res.Poison: +       Clarity    : .   s - +0 elf cloak
Res.Elec. : .       Spirit.Shd : .   (no gloves)
Sust.Abil.: . .     Stasis     : .   Q - +1 pair of boots (curse)
Res.Mut.  : .       Ctrl.Telep.: .   Z - amulet of faith
Res.Rott. : +       Levitation : .   M - cursed ring of hunger
Saprovore : . . .   Ctrl.Flight: .   k - cursed +4 ring of protection

@: about to teleport, somewhat resistant to hostile enchantments, unstealthy
A: cold resistance 1, life protection 3, poison resistance, torment resistance,
unbreathing
a: Draw One, Peek at Two, Triple Draw, Mark Four, Renounce Religion


You were on level 1 of the Hive.
You worshipped Nemelex Xobeh.
Nemelex Xobeh was extremely pleased with you.
You were not hungry.

You visited 3 branches of the dungeon, and saw 14 of its levels.

You collected 492 gold pieces.
You spent 3 gold pieces at shops.

Inventory:

Hand weapons
 a - a +3,+4 mace of crushing (weapon)
 o - a +2,+2 lajatang
 F - a +0,+1 flail
 H - a +0,+1 orcish whip of electrocution
 K - a +0 blowgun
 P - a +2,-2 whip of flaming
 Y - a +3,+0 sling of frost
Missiles
 d - a +0 throwing net
 m - 22 +2 sling bullets
 x - 9 poisoned +0 needles
 E - 24 steel +0 darts (quivered)
Armour
 i - a +3 dwarven shield (worn)
 p - a +0 helmet (worn)
 s - a +0 elven cloak (worn)
 A - a +0 gold dragon armour
 O - a +1 orcish ring mail of poison resistance (worn)
 Q - a cursed +1 pair of boots (worn)
 W - a +0 cloak
Magical devices
 e - a wand of enslavement (0)
 g - a wand of healing (0)
 w - a wand of teleportation (1)
 D - a wand of slowing (3)
 I - a wand of slowing (5)
 T - a wand of frost (2)
 X - a wand of polymorph other (0)
Scrolls
 j - a scroll of blinking
 u - a scroll of amnesia {unknown}
 v - a scroll of recharging {unknown}
 y - 2 scrolls of enchant weapon II
 z - 2 scrolls of detect curse
 G - a scroll of teleportation
 N - a scroll of identify
 S - a scroll of magic mapping
Jewellery
 b - an uncursed ring of fire {unknown}
 c - an uncursed ring of wizardry
 f - an uncursed ring of protection from fire
 h - a +2 ring of dexterity
 k - a cursed +4 ring of protection (left hand)
 l - an uncursed ring of teleportation
 n - an uncursed ring of protection from magic
 q - a -2 ring of protection
 r - a cursed -3 ring of intelligence
 t - a +2 ring of dexterity
 C - an uncursed ring of protection from fire
 L - an uncursed ring of life protection
 M - a cursed ring of hunger (right hand)
 Z - an amulet of faith (around neck)
Books
 B - a book of Necromancy

   Spells                             Type                      Level
   Pain                               Necromancy                   1
   Animate Skeleton                   Necromancy                   1
   Lethal Infusion                    Charms/Necromancy            2
   Vampiric Draining                  Necromancy                   3
   Regeneration                       Charms/Necromancy            3
   Dispel Undead                      Necromancy                   4
   Animate Dead                       Necromancy                   4
 J - a book of Annihilations {highlevel}

   This book is beyond your current level of understanding.

   Spells                             Type                      Level
   Poison Arrow                       Conjuration/Poison           6
   Orb of Destruction                 Conjuration                  7
   Chain Lightning                    Conjuration/Air              8
   Lehudib's Crystal Spear            Conjuration/Earth            8
   Ice Storm                          Conjuration/Ice              9
   Fire Storm                         Conjuration/Fire             9
 R - a book of Changes

   Spells                             Type                      Level
   Fulsome Distillation               Transmutation/Necromancy     1
   Sticks to Snakes                   Transmutation                2
   Evaporate                          Fire/Transmutation           2
   Spider Form                        Transmutation/Poison         3
   Ice Form                           Ice/Transmutation            4
   Blade Hands                        Transmutation                5
   You had 1 experience left.


   Skills:
 + Level 7 Fighting
 + Level 1 Axes
 + Level 10 Maces & Flails
 + Level 3 Throwing
 + Level 6 Armour
 + Level 5 Dodging
 - Level 1 Stealth
 + Level 1 Stabbing
 + Level 5 Shields
 + Level 1 Traps & Doors
 + Level 1 Spellcasting
 + Level 2 Evocations


You had 12 spell levels left.
You didn't know any spells.

Dungeon Overview and Level Annotations

Branches:
Dungeon (12/27)            Temple (1/1) D:4             Orc (0/4) D:6
   Hive (1/2) D:11
   Lair: D:8-13

Altars:
Ashenzari
Cheibriados
Kikubaaqudgha
Makhleb
Nemelex Xobeh
Sif Muna
The Shining One
Trog
Zin

Shops:
D:5: ? D:12: =


Innate Abilities, Weirdness & Mutations

You do not eat or drink.
Your flesh is vulnerable to fire.
Your flesh is cold resistant.
You are immune to negative energy.
Your system is resistant to poisons.
You are immune to unholy pain and torment.
You do not need to breathe.


Message History

The killer bee stings you.
* * * LOW HITPOINT WARNING * * *
The killer bee closely misses you. The killer bee stings you.
* * * LOW HITPOINT WARNING * * *
The killer bee stings you.
You die...
Your body glows with a rainbow of weird colours and disappears.

## #.##
###...#
##..#.##.k..##
#......k@kk.)#
##..#..k.k#.##
#.......#
#...>k..#
##...k.##
##..... ##....
##.... ##.


You could see 7 killer bees and a friendly killer bee.

Vanquished Creatures
  Pikel (D:6)
  A hill giant (D:11)
  Joseph (D:8)
  A weapon mimic (D:9)
  A slime creature (D:6)
  A queen bee (D:11)
  A giant toad (D:11)
  A wraith (D:11)
  6 yaks
  2 steam dragons (D:10)
  A hungry ghost (D:11)
  4 war dogs (D:10)
  A manticore (D:10)
  A black bear (D:11)
  3 sky beasts
  A slave (D:6)
  3 centaurs
  An ice beast (D:9)
  3 ogres
  3 giant frogs
  Blork the orc (D:8)
  7 killer bees
  A shadow (D:11)
  Dowan (D:7)
  A big kobold zombie (D:12)
  4 goliath beetles
  2 big kobold skeletons
  2 orc priests
  3 imps
  A hound skeleton (D:7)
  2 scorpions (D:9)
  6 hounds
  A hound zombie (D:11)
  4 worker ants
  An iguana (D:12)
  5 orc wizards
  7 jellies (D:6)
  Ijyb (D:3)
  2 sheep (D:12)
  3 gnolls (D:7)
  10 snakes
  2 giant mites
  2 giant centipedes (D:11)
  A worm (D:4)
  9 giant geckos
  12 oozes
  64 orcs
  9 giant cockroaches
  21 hobgoblins
  18 jackals
  16 megabats
  2 quokkas
  5 giant newts
  15 goblins
  A hobgoblin skeleton (D:6)
  6 killer bee larvae
  15 kobolds
  A kobold skeleton (D:4)
  18 rats
  3 toadstools
322 creatures vanquished.

Vanquished Creatures (collateral kills)
  A hill giant (D:10)
  A dancing weapon (D:11)
  A hill giant skeleton (D:11)
  Prince Ribbit (D:6)
  A polar bear (D:10)
  2 yaks (D:11)
  A bumblebee (D:6)
  A hog (D:6)
  An orc warrior (D:6)
  An ogre (D:5)
  5 killer bees
  2 orc wizards (D:6)
  A worker ant (D:6)
  4 jellies (D:6)
  A snake (D:10)
  2 oozes (D:6)
  5 orcs
  An orc skeleton (D:6)
32 creatures vanquished.

Vanquished Creatures (others)
  6 dancing weapons
  3 ugly things
  A bumblebee (D:6)
  A hog (D:6)
  A yellow wasp (D:11)
  A two-headed ogre skeleton (D:6)
  A worker ant (D:6)
  A jelly (D:6)
  An ufetubus (D:10)
  2 oozes (D:6)
  3 orcs
  A giant newt (D:8)
  A giant spore (D:9)
  A jackal (D:8)
  A rat (D:6)
  6 fungi (D:6)
  14 toadstools
45 creatures vanquished.

Grand Total: 399 creatures vanquished

Notes
Turn   | Place    | Note
--------------------------------------------------------------
     0 | D:1      | ventricule, the Mummy Wanderer, began the quest for the Orb.
     0 | D:1      | Reached XP level 1. HP: 12/12 MP: 1/1
   204 | D:1      | Reached XP level 2. HP: 14/17 MP: 2/2
   744 | D:2      | Noticed Terence
   796 | D:1      | Reached XP level 3. HP: 18/24 MP: 3/3
  1154 | D:2      | Noticed Jessica
  1394 | D:3      | Reached XP level 4. HP: 27/29 MP: 4/4
  1419 | D:3      | Noticed Ijyb
  1428 | D:3      | Reached skill level 3 in Maces & Flails
  1447 | D:3      | Defeated Ijyb
  1576 | D:3      | Reached skill level 1 in Dodging
  2142 | D:4      | Reached XP level 5. HP: 33/36 MP: 5/5
  2174 | D:4      | Found a staircase to the Ecumenical Temple.
  2184 | Temple   | Entered the Ecumenical Temple
  2252 | Temple   | Became a worshipper of Nemelex Xobeh
  2261 | Temple   | Received a gift from Nemelex Xobeh
  2389 | D:4      | Reached XP level 6. HP: 38/38 MP: 6/6
  2711 | D:4      | Received a gift from Nemelex Xobeh
  2741 | D:4      | Acquired Nemelex Xobeh's first power
  2742 | D:4      | Reached XP level 7. HP: 46/46 MP: 7/7
  2749 | D:4      | Reached XP level 8. HP: 46/52 MP: 8/8
  3356 | D:2      | Reached skill level 4 in Maces & Flails
  3701 | D:5      | Entered Level 5 of the Dungeon
  3739 | D:5      | Found a shattered altar of Ashenzari.
  3937 | D:5      | Reached skill level 1 in Spellcasting
  4033 | D:5      | Found Prodask's Magic Scroll Boutique.
  4046 | D:5      | Bought a scroll of immolation for 1 gold piece
  4046 | D:5      | Bought a scroll of random uselessness for 2 gold pieces
  4368 | D:6      | Noticed Prince Ribbit
  4404 | D:6      | Reached skill level 5 in Maces & Flails
  4421 | D:6      | Reached skill level 1 in Shields
  4461 | D:6      | Received a gift from Nemelex Xobeh
  4506 | D:6      | Reached skill level 1 in Evocations
  4533 | D:6      | Defeated Prince Ribbit
  4957 | D:6      | Reached skill level 6 in Maces & Flails
  5178 | D:6      | Found a bloodstained altar of Trog.
  5453 | D:6      | Reached skill level 7 in Maces & Flails
  5478 | D:6      | Acquired Nemelex Xobeh's second power
  5480 | D:6      | Found a staircase to the Orcish Mines.
  5499 | D:6      | Reached skill level 5 in Fighting
  5674 | D:6      | Noticed a bumblebee
  5676 | D:6      | Defeated a bumblebee
  5721 | D:6      | Found a glowing silver altar of Zin.
  5855 | D:6      | Noticed Pikel
  5896 | D:6      | Defeated Pikel
  5896 | D:6      | Reached XP level 9. HP: 47/64 MP: 11/11
  6144 | D:6      | Reached skill level 8 in Maces & Flails
  6191 | D:6      | Noticed a slime creature
  6208 | D:6      | Defeated a slime creature
  6273 | D:6      | Reached skill level 5 in Armour
  6932 | D:7      | Found a glowing golden altar of the Shining One.
  6991 | D:7      | Reached skill level 1 in Stealth
  7428 | D:7      | Noticed Dowan
  7429 | D:7      | Noticed Duvessa
  7452 | D:7      | Defeated Dowan
  7797 | D:8      | Noticed Joseph
  7823 | D:8      | Reached skill level 9 in Maces & Flails
  7826 | D:8      | Noticed Blork the orc
  7852 | D:8      | Defeated Blork the orc
  8227 | D:8      | Defeated Joseph
  9166 | D:9      | Reached XP level 10. HP: 62/69 MP: 12/12
 10365 | D:10     | Entered Level 10 of the Dungeon
 11807 | D:9      | Received a gift from Nemelex Xobeh
 11850 | D:10     | Reached skill level 5 in Dodging
 11955 | D:10     | Acquired Nemelex Xobeh's third power
 12718 | D:10     | Received a gift from Nemelex Xobeh
 13243 | D:12     | Reached skill level 10 in Maces & Flails
 13288 | D:12     | Reached skill level 1 in Traps & Doors
 13356 | D:12     | Noticed Grum
 13388 | D:12     | Found Nawytios' Jewellery Shop.
 13435 | D:12     | Noticed Erica
 14495 | D:11     | Received a gift from Nemelex Xobeh
 14539 | D:11     | Noticed a runed battleaxe
 14544 | D:11     | Defeated a runed hammer
 14660 | D:11     | Reached XP level 11. HP: 35/78 MP: 13/13
 14940 | D:11     | Reached skill level 5 in Shields
 15029 | D:11     | Noticed a hill giant skeleton
 15040 | D:11     | Defeated a hill giant skeleton
 15137 | D:11     | Noticed Maurice
 15207 | D:11     | Found a staircase to the Hive.
 15207 | D:11     | Noticed a queen bee
 15240 | D:11     | Acquired Nemelex Xobeh's fourth power
 15467 | D:11     | Defeated a queen bee
 15659 | D:11     | Received a gift from Nemelex Xobeh
 15669 | Hive:1   | Entered Level 1 of the Hive
 15713 | Hive:1   | HP: 1/78 [killer bee (4)]
 15713 | Hive:1   | Slain by a killer bee
